Heat vs Falcons

Created - Monday, May 16, 2016 at 03:12

Goals
1 2 3 OT1 OT2 T
Heat 0 1 0 0 1 2
Falcons 0 1 0 0 0 1
Shots
1 2 3 OT1 OT2 T
Heat 7 11 14 8 2 42
Falcons 6 9 10 5 0 30

1st period

No Goal

Penalties :
Michael Kostka (SPR) for Hooking (Minor) at 1:56, Vincent Trocheck (SPR) for Hooking (Minor) at 8:11, Brooks Laich (STO) for Holding (Minor) at 16:40

2nd period

1. Heat , Michael Ryder 4 (Lucas Lessio, Tyson Strachan) at 8:13
2. Falcons , Dmitrij Jaskin 6 (Vincent Trocheck, Henrik Tommernes) at 11:17 (PP)

Penalties :
Konrad Abeltshauser (STO) for Tripping (Minor) at 2:02, Corey Potter (STO) for Hooking (Minor) at 9:39, Emile Poirier (SPR) for Holding Stick (Minor) at 13:45

3rd period

No Goal

Penalties :
Robert Hagg (SPR) for Fighting (Major) at 2:21, Konrad Abeltshauser (STO) for Fighting (Major) at 2:21, Michael Kostka (SPR) for Fighting (Major) at 4:38, Tyson Strachan (STO) for Fighting (Major) at 4:38, Robert Hagg (SPR) for Tripping (Minor) at 8:56, Eric Boulton (STO) for Hooking (Minor) at 16:26

Overtime #1

No Goal

Penalties :
Michael Kostka (SPR) for Hooking (Minor) at 8:16, Vincent Trocheck (SPR) for Hooking (Minor) at 11:44

Overtime #2

3. Heat , Johan Larsson 5 (Andre Burakovsky, Keith Ballard) at 0:18

Penalties :
No Penalty

Goalie Stats

Michael Leighton (STO), 29 saves from 30 shots - (0.967), W, 9-3-0, 80:18 minutes
Malcolm Subban (SPR), 40 saves from 42 shots - (0.952), OTL, 4-2-1, 80:18 minutes

Players Stats for Heat

Player Name              G  A  P  +/- PIM S  H  SB GA TA FO     MP     PP MP  PK MP  
------------------------------------------------------------------------------------
Andre Burakovsky         0  1  1   1  0   5  0  3  3  0  0/1    21:49   5:52   0:00 
Brooks Laich             0  0  0   0  2   6  5  1  2  2  0/0    19:45   5:52   0:00 
Corey Potter             0  0  0   0  2   0  6  0  0  0  0/0    25:46   7:08   1:28 
Eric Boulton             0  0  0   0  2   0  4  0  0  0  1/1    14:27   0:00   0:00 
Jason Garrison           0  0  0   2  0   7  1  2  0  2  0/0    35:39   7:08   3:46 
Johan Larsson            1  0  1   1  0   4  0  2  4  0  3/13   21:49   5:52   0:00 
Keith Ballard            0  1  1   1  0   0  7  1  0  0  0/0    31:34   4:46   3:49 
Konrad Abeltshauser      0  0  0   0  7   2  1  0  0  0  0/0    18:52   0:00   2:18 
Lucas Lessio             0  1  1   1  0   3  1  0  1  0  0/0    15:24   0:00   0:00 
Matt Ellis               0  0  0   0  0   0  1  0  1  0  9/17   20:30   6:02   0:00 
Max Reinhart             0  0  0   1  0   0  2  0  0  0  5/14   20:12   0:00   4:01 
Michael Ferland          0  0  0   0  0   4  2  1  2  1  0/0    17:47   0:00   3:34 
Michael Ryder            1  0  1   1  0   4  1  0  4  1  0/1    20:12   0:00   4:01 
Seth Griffith            0  0  0   0  0   1  0  0  6  0  0/0    20:30   6:02   0:00 
Stephane Veilleux        0  0  0   1  0   2  0  1  0  2  0/1    22:50   6:02   0:00 
Tyler Pitlick            0  0  0   0  0   2  2  0  3  0  4/14   17:47   0:00   3:34 
Tyler Wotherspoon        0  0  0   0  0   2  0  1  0  2  0/0    20:22   0:00   0:00 
Tyson Strachan           0  1  1   1  5   0  0  1  0  2  0/0    28:34   4:46   3:49 

Players Stats for Falcons

Player Name              G  A  P  +/- PIM S  H  SB GA TA FO     MP     PP MP  PK MP  
------------------------------------------------------------------------------------
Brandon Davidson         0  0  0   0  0   3  2  6  0  3  0/0    31:46   4:27   5:30 
Dmitrij Jaskin           1  0  1  -2  0   4  4  0  3  1  3/4    23:16   3:59   1:23 
Emile Poirier            0  0  0   0  2   0  1  0  0  0  1/1    10:41   0:00   0:00 
Freddie Hamilton         0  0  0   0  0   5  1  1  3  4  1/1    26:40   3:36   2:40 
Greg Rallo               0  0  0   0  0   1  1  0  0  1  0/1    14:31   0:00   0:00 
Henrik Tommernes         0  1  1  -1  0   0  1  0  0  1  0/0    21:43   3:08   0:00 
Jacob De La Rose         0  0  0   0  0   5  3  3  1  1  5/10   25:33   3:13   7:37 
Joey Hishon              0  0  0   0  0   4  0  1  3  1  5/9    20:30   0:00   2:24 
Jonathan Marchessault    0  0  0   0  0   1  4  0  1  1  0/0    21:09   0:45   0:00 
Markus Granlund          0  0  0   0  0   2  3  0  3  1  15/18  26:40   3:36   2:40 
Michael Kostka           0  0  0  -1  9   0  0  4  0  0  0/0    24:15   0:00   4:01 
Nathan Beaulieu          0  0  0  -1  0   0  1  2  0  2  0/0    35:19   4:27   5:30 
Robert Hagg              0  0  0  -1  7   0  0  0  0  1  0/0    18:05   0:00   2:26 
Shane Harper             0  0  0   0  0   0  1  0  1  0  1/1     7:21   0:00   0:00 
Slater Koekkoek          0  0  0   0  0   0  0  0  0  0  0/0     0:43   0:00   0:00 
Tobias Rieder            0  0  0  -2  0   1  3  0  3  1  2/6    31:06   3:37   7:04 
Ville Pokka              0  0  0   0  0   1  2  1  0  2  0/0    29:03   3:08   6:24 
Vincent Trocheck         0  1  1  -2  4   3  1  2  1  0  7/11   21:10   3:59   0:00 

3 Stars

1 - Michael Leighton (STO)
2 - Keith Ballard (STO)
3 - Malcolm Subban (SPR)

Power Play

Heat - 0 on 6 Attempt(s) - 0.00%
Falcons - 1 on 4 Attempt(s) - 25.00%

Penalty Kill

Heat - 3 on 4 Attempt(s) - 75.00% - Score 0 goal in Penalty Kill
Falcons - 6 on 6 Attempt(s) - 100.00% - Score 0 goal in Penalty Kill

Team Stat

Heat - Hits : 33 - Faceoff Wins : 22 - Blocked Shots : 13 - Penalty Minutes : 18
Falcons - Hits : 28 - Faceoff Wins : 40 - Blocked Shots : 20 - Penalty Minutes : 22

Official

Referees : Unknown
Linesman : Unknown

Game Notes

Robert Hagg beats up Konrad Abeltshauser at 2:21 of 3rd period
Michael Kostka beats up Tyson Strachan at 4:38 of 3rd period

Finance

Level 1 -- Attendance: 2000 (100.00%) -- Ticket Income $70,000
Level 2 -- Attendance: 1000 (100.00%) -- Ticket Income $15,000
Total Attendance: 3000 (100.00%)
Total Ticket Income: $85,000
Other Income: $41,650
Total Income: $126,650

Heat

5 vs 5 Forward 
   Center                   Left Wing                Right Wing               Time % Phy DF OF 
 1 Johan Larsson            Stephane Veilleux        Andre Burakovsky         28     0   1  4  
 2 Matt Ellis               Brooks Laich             Seth Griffith            25     0   1  4  
 3 Max Reinhart             Lucas Lessio             Michael Ryder            25     0   1  4  
 4 Tyler Pitlick            Michael Ferland          Eric Boulton             22     1   2  2  

5 vs 5 Defense 
   Defense                  Defense                                           Time % Phy DF OF 
 1 Jason Garrison           Tyson Strachan                                    35     1   2  2  
 2 Keith Ballard            Tyler Wotherspoon                                 30     1   2  2  
 3 Konrad Abeltshauser      Corey Potter                                      25     1   2  2  
 4 Jason Garrison           Keith Ballard                                     10     1   2  2  

PowerPlay Forward 
   Center                   Left Wing                Right Wing               Time % Phy DF OF 
 1 Johan Larsson            Brooks Laich             Andre Burakovsky         50     0   0  5  
 2 Matt Ellis               Stephane Veilleux        Seth Griffith            50     0   0  5  

PowerPlay Defense
   Defense                  Defense                                           Time % Phy DF OF 
 1 Jason Garrison           Corey Potter                                      50     0   0  5  
 2 Keith Ballard            Tyson Strachan                                    50     0   0  5  

Penalty Kill 4 Players Forward 
   Center                   Wing                     Time % Phy DF OF 
 1 Tyler Pitlick            Michael Ferland          50     0   5  0  
 2 Max Reinhart             Michael Ryder            50     0   5  0  

Penalty Kill 4 Players Defense
   Defense                  Defense                  Time % Phy DF OF 
 1 Keith Ballard            Tyson Strachan           50     0   5  0  
 2 Jason Garrison           Konrad Abeltshauser      50     0   5  0  

Penalty Kill - 3 Players Forward 
   Forward                                           Time % Phy DF OF 
 1 Tyler Pitlick                                     50     0   5  0  
 2 Max Reinhart                                      50     0   5  0  

Penalty Kill - 3 Players Defense
   Defense                  Defense                  Time % Phy DF OF 
 1 Jason Garrison           Keith Ballard            50     0   5  0  
 2 Konrad Abeltshauser      Tyson Strachan           50     0   5  0  

4 vs 4 Forward 
   Center                   Wing                     Time % Phy DF OF 
 1 Matt Ellis               Andre Burakovsky         50     1   2  2  
 2 Johan Larsson            Seth Griffith            50     1   2  2  

4 vs 4 Defense
   Defense                  Defense                  Time % Phy DF OF 
 1 Jason Garrison           Corey Potter             50     1   2  2  
 2 Keith Ballard            Tyson Strachan           50     1   2  2  

Last Minutes Offensive
   Center                   Left Wing                Right Wing               Defense                  Defense                  
   Johan Larsson            Lucas Lessio             Andre Burakovsky         Jason Garrison           Keith Ballard            

Last Minutes Defensive
   Center                   Left Wing                Right Wing               Defense                  Defense                  
   Matt Ellis               Stephane Veilleux        Brooks Laich             Jason Garrison           Tyson Strachan           

Goaltenders
Starting : Michael Leighton         
Backup : Andrei Vasilevskiy       

Extra Forwards
Normal : Michael Ryder, Michael Ferland, Stephane Veilleux - PP : Michael Ryder, Michael Ferland - PK : Eric Boulton
Extra Defensemen
Normal : Keith Ballard, Corey Potter, Tyler Wotherspoon - PP : Konrad Abeltshauser - PK : Corey Potter, Tyler Wotherspoon
Penalty Shots
Michael Ryder, Lucas Lessio, Brooks Laich, Andre Burakovsky, Johan Larsson

Falcons

5 vs 5 Forward 
   Center                   Left Wing                Right Wing               Time % Phy DF OF 
 1 Vincent Trocheck         Dmitrij Jaskin           Tobias Rieder            35     1   2  2  
 2 Markus Granlund          Jonathan Marchessault    Freddie Hamilton         30     1   2  2  
 3 Joey Hishon              Jacob De La Rose         Greg Rallo               22     1   2  2  
 4 Tobias Rieder            Emile Poirier            Shane Harper             13     1   2  2  

5 vs 5 Defense 
   Defense                  Defense                                           Time % Phy DF OF 
 1 Nathan Beaulieu          Brandon Davidson                                  35     1   2  2  
 2 Michael Kostka           Ville Pokka                                       30     1   2  2  
 3 Henrik Tommernes         Robert Hagg                                       22     1   2  2  
 4 Michael Kostka           Nathan Beaulieu                                   13     1   2  2  

PowerPlay Forward 
   Center                   Left Wing                Right Wing               Time % Phy DF OF 
 1 Vincent Trocheck         Dmitrij Jaskin           Tobias Rieder            60     1   2  2  
 2 Markus Granlund          Jacob De La Rose         Freddie Hamilton         40     1   2  2  

PowerPlay Defense
   Defense                  Defense                                           Time % Phy DF OF 
 1 Nathan Beaulieu          Brandon Davidson                                  60     1   2  2  
 2 Henrik Tommernes         Ville Pokka                                       40     1   2  2  

Penalty Kill 4 Players Forward 
   Center                   Wing                     Time % Phy DF OF 
 1 Jacob De La Rose         Tobias Rieder            60     1   2  2  
 2 Markus Granlund          Freddie Hamilton         40     1   2  2  

Penalty Kill 4 Players Defense
   Defense                  Defense                  Time % Phy DF OF 
 1 Nathan Beaulieu          Brandon Davidson         60     1   2  2  
 2 Michael Kostka           Ville Pokka              40     1   2  2  

Penalty Kill - 3 Players Forward 
   Forward                                           Time % Phy DF OF 
 1 Jacob De La Rose                                  60     1   2  2  
 2 Markus Granlund                                   40     1   2  2  

Penalty Kill - 3 Players Defense
   Defense                  Defense                  Time % Phy DF OF 
 1 Nathan Beaulieu          Brandon Davidson         60     1   2  2  
 2 Michael Kostka           Ville Pokka              40     1   2  2  

4 vs 4 Forward 
   Center                   Wing                     Time % Phy DF OF 
 1 Vincent Trocheck         Jacob De La Rose         60     1   2  2  
 2 Markus Granlund          Dmitrij Jaskin           40     1   2  2  

4 vs 4 Defense
   Defense                  Defense                  Time % Phy DF OF 
 1 Nathan Beaulieu          Brandon Davidson         60     1   2  2  
 2 Henrik Tommernes         Ville Pokka              40     1   2  2  

Last Minutes Offensive
   Center                   Left Wing                Right Wing               Defense                  Defense                  
   Markus Granlund          Dmitrij Jaskin           Tobias Rieder            Nathan Beaulieu          Brandon Davidson         

Last Minutes Defensive
   Center                   Left Wing                Right Wing               Defense                  Defense                  
   Markus Granlund          Jacob De La Rose         Tobias Rieder            Nathan Beaulieu          Brandon Davidson         

Goaltenders
Starting : Malcolm Subban           
Backup : Christopher Gibson       

Extra Forwards
Normal : Joey Hishon, Emile Poirier, Greg Rallo - PP : Jonathan Marchessault, Shane Harper - PK : Joey Hishon
Extra Defensemen
Normal : Robert Hagg, Henrik Tommernes, Michael Kostka - PP : Robert Hagg - PK : Robert Hagg, Henrik Tommernes
Penalty Shots
Tobias Rieder, Dmitrij Jaskin, Vincent Trocheck, Markus Granlund, Jacob De La Rose

% Time on Ice - Heat

Lines # - Real PCT - Wanted PCT - Time Play
Normal Forward
1 - 26% - 28% - 15:57
2 - 25% - 25% - 15:15
3 - 25% - 25% - 15:24
4 - 23% - 22% - 14:13
Normal Defense
1 - 36% - 35% - 22:09
2 - 31% - 30% - 18:38
3 - 29% - 25% - 17:36
4 - 4% - 10% - 2:26
PP Forward
1 - 49% - 50% - 5:52
2 - 51% - 50% - 6:02
PP Defense
1 - 60% - 50% - 7:08
2 - 40% - 50% - 4:46
PK Forward
1 - 47% - 50% - 3:34
2 - 53% - 50% - 4:01
PK Defense
1 - 50% - 50% - 3:49
2 - 50% - 50% - 3:46
PK3 Forward
1 - 0% - 50%
2 - 0% - 50%
PK3 Defense
1 - 0% - 50%
2 - 0% - 50%
44 Forward
1 - 0% - 50%
2 - 0% - 50%
44 Defense
1 - 0% - 50%
2 - 0% - 50%
Last Minute Offensive  - 0:00
Last Minute Defensive  - 0:00
Total
Forward - 80:18
Defense - 80:18

% Time on Ice - Falcons

Lines # - Real PCT - Wanted PCT - Time Play
Normal Forward
1 - 31% - 35% - 18:50
2 - 34% - 30% - 20:24
3 - 23% - 22% - 14:14
4 - 12% - 13% - 7:21
Normal Defense
1 - 36% - 35% - 21:49
2 - 32% - 30% - 19:31
3 - 26% - 22% - 15:56
4 - 6% - 13% - 3:33
PP Forward
1 - 53% - 60% - 3:59
2 - 47% - 40% - 3:36
PP Defense
1 - 59% - 60% - 4:27
2 - 41% - 40% - 3:08
PK Forward
1 - 78% - 60% - 9:14
2 - 22% - 40% - 2:40
PK Defense
1 - 46% - 60% - 5:30
2 - 54% - 40% - 6:24
PK3 Forward
1 - 0% - 60%
2 - 0% - 40%
PK3 Defense
1 - 0% - 60%
2 - 0% - 40%
44 Forward
1 - 0% - 60%
2 - 0% - 40%
44 Defense
1 - 0% - 60%
2 - 0% - 40%
Last Minute Offensive  - 0:00
Last Minute Defensive  - 0:00
Total
Forward - 80:18
Defense - 80:18

Play by Play

1st period


0:01 of 1st period - Vincent Trocheck wins face-off versus Johan Larsson in neutral zone.
0:08 of 1st period - Wrist shot by Dmitrij Jaskin.
0:08 of 1st period - Shot Misses the Net.
0:10 of 1st period - Snap shot by Tobias Rieder.
0:10 of 1st period - Shot Blocked by Tyson Strachan.
0:12 of 1st period - Backhand shot by Brandon Davidson.
0:12 of 1st period - Shot Blocked by Johan Larsson.
0:14 of 1st period - Slapshot by Vincent Trocheck.
0:14 of 1st period - Shot Blocked by Jason Garrison.
0:16 of 1st period - Snap shot by Dmitrij Jaskin.
0:16 of 1st period - Stopped by Michael Leighton with a rebound.
0:18 of 1st period - Slapshot by Brandon Davidson.
0:18 of 1st period - Shot Blocked by Johan Larsson.
0:40 of 1st period - Andre Burakovsky is hit by Tobias Rieder and loses puck.
1:33 of 1st period - Joey Hishon is hit by Brooks Laich and loses puck.
1:56 of 1st period - Minor Penalty to Michael Kostka for Hooking.
1:57 of 1st period - Jacob De La Rose wins face-off versus Matt Ellis in Falcons zone.
2:32 of 1st period - Wrist shot by Andre Burakovsky.
2:32 of 1st period - Stopped by Malcolm Subban with a rebound.
3:34 of 1st period - Tobias Rieder is hit by Corey Potter and loses puck.
3:52 of 1st period - Snap shot by Tobias Rieder.
3:52 of 1st period - Stopped by Michael Leighton with a rebound.
3:56 of 1st period - Penalty to Michael Kostka is over, Michael Kostka is back on ice.
5:05 of 1st period - Eric Boulton is hit by Ville Pokka and loses puck.
6:48 of 1st period - Tyler Wotherspoon is hit by Jonathan Marchessault and loses puck.
7:16 of 1st period - Wrist shot by Joey Hishon.
7:16 of 1st period - Stopped by Michael Leighton with a rebound.
7:18 of 1st period - Snap shot by Jacob De La Rose.
7:18 of 1st period - Shot Misses the Net.
7:22 of 1st period - Backhand shot by Joey Hishon.
7:22 of 1st period - Shot Misses the Net.
7:26 of 1st period - Wrist shot by Jacob De La Rose.
7:26 of 1st period - Stopped by Michael Leighton with a rebound.
7:44 of 1st period - Wrist shot by Dmitrij Jaskin.
7:44 of 1st period - Shot Blocked by Tyler Wotherspoon.
7:46 of 1st period - Snap shot by Vincent Trocheck.
7:46 of 1st period - Shot Misses the Net.
8:11 of 1st period - Minor Penalty to Vincent Trocheck for Hooking.
8:12 of 1st period - Jacob De La Rose wins face-off versus Matt Ellis in Falcons zone.
8:26 of 1st period - Wrist shot by Tobias Rieder.
8:26 of 1st period - Shot Misses the Net.
8:49 of 1st period - Snap shot by Stephane Veilleux.
8:49 of 1st period - Shot Blocked by Nathan Beaulieu.
9:03 of 1st period - Jacob De La Rose is hit by Keith Ballard.
9:07 of 1st period - Tyson Strachan is hit by Jacob De La Rose and loses puck.
9:14 of 1st period - Jacob De La Rose is hit by Keith Ballard and loses puck.
9:36 of 1st period - Icing by Keith Ballard.
9:37 of 1st period - Markus Granlund wins face-off versus Matt Ellis in Heat zone.
10:11 of 1st period - Penalty to Vincent Trocheck is over, Vincent Trocheck is back on ice.
10:24 of 1st period - Konrad Abeltshauser is hit by Dmitrij Jaskin and loses puck.
10:50 of 1st period - Wrist shot by Tyler Pitlick.
10:50 of 1st period - Stopped by Malcolm Subban with a rebound.
10:52 of 1st period - Slapshot by Corey Potter.
10:52 of 1st period - Shot Blocked by Michael Kostka.
10:54 of 1st period - Wrist shot by Michael Ferland.
10:54 of 1st period - Stopped by Malcolm Subban without a rebound.
10:55 of 1st period - Max Reinhart wins face-off versus Markus Granlund in Falcons zone.
11:04 of 1st period - Snap shot by Lucas Lessio.
11:04 of 1st period - Deflect By Michael Ryder.
11:04 of 1st period - Shot Blocked by Freddie Hamilton.
11:04 of 1st period - Puck is out of play.
11:05 of 1st period - Freddie Hamilton wins face-off versus Max Reinhart in Falcons zone.
12:10 of 1st period - Brandon Davidson is hit by Eric Boulton.
12:42 of 1st period - Snap shot by Johan Larsson.
12:42 of 1st period - Stopped by Malcolm Subban with a rebound.
12:44 of 1st period - Slapshot by Konrad Abeltshauser.
12:44 of 1st period - Stopped by Malcolm Subban without a rebound.
12:45 of 1st period - Markus Granlund wins face-off versus Johan Larsson in Falcons zone.
14:04 of 1st period - Tyson Strachan is hit by Greg Rallo and loses puck.
14:26 of 1st period - Dmitrij Jaskin is hit by Max Reinhart and loses puck.
15:06 of 1st period - Wrist shot by Tyler Pitlick.
15:06 of 1st period - Shot Blocked by Vincent Trocheck.
15:08 of 1st period - Slapshot by Konrad Abeltshauser.
15:08 of 1st period - Stopped by Malcolm Subban without a rebound.
15:09 of 1st period - Johan Larsson wins face-off versus Greg Rallo in Falcons zone.
15:22 of 1st period - Slapshot by Andre Burakovsky.
15:22 of 1st period - Stopped by Malcolm Subban without a rebound.
15:23 of 1st period - Joey Hishon wins face-off versus Johan Larsson in Falcons zone.
16:24 of 1st period - Emile Poirier is hit by Matt Ellis.
16:40 of 1st period - Minor Penalty to Brooks Laich for Holding.
16:41 of 1st period - Tyler Pitlick wins face-off versus Vincent Trocheck in Heat zone.
16:41 of 1st period - Tyler Pitlick is hit by Tobias Rieder.
17:29 of 1st period - Keith Ballard is hit by Ville Pokka and loses puck.
17:52 of 1st period - Wrist shot by Vincent Trocheck.
17:52 of 1st period - Stopped by Michael Leighton with a rebound.
17:54 of 1st period - Slapshot by Vincent Trocheck.
17:54 of 1st period - Stopped by Michael Leighton without a rebound.
17:55 of 1st period - Tyler Pitlick wins face-off versus Dmitrij Jaskin in Heat zone.
18:40 of 1st period - Penalty to Brooks Laich is over, Brooks Laich is back on ice.
18:52 of 1st period - Vincent Trocheck is hit by Max Reinhart and loses puck.
Goals for this period are 0 for Heat vs 0 for Falcons.
Shots for this period are 7 for Heat vs 6 for Falcons.

2nd period


0:01 of 2nd period - Markus Granlund wins face-off versus Johan Larsson in neutral zone.
0:15 of 2nd period - Tyson Strachan is hit by Markus Granlund and loses puck.
0:51 of 2nd period - Markus Granlund is hit by Michael Ryder and loses puck.
1:54 of 2nd period - Slapshot by Seth Griffith.
1:54 of 2nd period - Shot Misses the Net.
2:02 of 2nd period - Minor Penalty to Konrad Abeltshauser for Tripping.
2:03 of 2nd period - Vincent Trocheck wins face-off versus Tyler Pitlick in Heat zone.
2:38 of 2nd period - Slapshot by Michael Ryder.
2:38 of 2nd period - Shot Misses the Net.
3:45 of 2nd period - Tyler Pitlick is hit by Dmitrij Jaskin and loses puck.
4:02 of 2nd period - Penalty to Konrad Abeltshauser is over, Konrad Abeltshauser is back on ice.
4:13 of 2nd period - Snap shot by Michael Ryder.
4:13 of 2nd period - Stopped by Malcolm Subban with a rebound.
4:20 of 2nd period - Icing by Jacob De La Rose.
4:21 of 2nd period - Johan Larsson wins face-off versus Jacob De La Rose in Falcons zone.
4:34 of 2nd period - Wrist shot by Joey Hishon.
4:34 of 2nd period - Shot Misses the Net.
4:52 of 2nd period - Nathan Beaulieu is hit by Keith Ballard and loses puck.
5:03 of 2nd period - Wrist shot by Tobias Rieder.
5:03 of 2nd period - Shot Hit the Post.
5:05 of 2nd period - Backhand shot by Nathan Beaulieu.
5:05 of 2nd period - Shot Blocked by Andre Burakovsky.
5:17 of 2nd period - Snap shot by Freddie Hamilton.
5:17 of 2nd period - Shot Blocked by Andre Burakovsky.
5:19 of 2nd period - Wrist shot by Markus Granlund.
5:19 of 2nd period - Shot Misses the Net.
5:21 of 2nd period - Snap shot by Markus Granlund.
5:21 of 2nd period - Stopped by Michael Leighton with a rebound.
5:27 of 2nd period - Snap shot by Freddie Hamilton.
5:27 of 2nd period - Stopped by Michael Leighton without a rebound.
5:28 of 2nd period - Matt Ellis wins face-off versus Markus Granlund in Heat zone.
5:47 of 2nd period - Off-side.
5:48 of 2nd period - Matt Ellis wins face-off versus Joey Hishon in neutral zone.
5:53 of 2nd period - Wrist shot by Seth Griffith.
5:53 of 2nd period - Shot Misses the Net.
6:01 of 2nd period - Snap shot by Brooks Laich.
6:01 of 2nd period - Stopped by Malcolm Subban with a rebound.
6:25 of 2nd period - Brooks Laich is hit by Emile Poirier and loses puck.
6:48 of 2nd period - Slapshot by Michael Ferland.
6:48 of 2nd period - Stopped by Malcolm Subban without a rebound.
6:49 of 2nd period - Markus Granlund wins face-off versus Tyler Pitlick in Falcons zone.
6:49 of 2nd period - Markus Granlund is hit by Tyler Pitlick.
6:57 of 2nd period - Tyler Pitlick is hit by Freddie Hamilton and loses puck.
7:10 of 2nd period - Michael Ferland is hit by Jacob De La Rose and loses puck.
7:42 of 2nd period - Icing by Corey Potter.
7:43 of 2nd period - Vincent Trocheck wins face-off versus Michael Ryder in Heat zone.
7:50 of 2nd period - Henrik Tommernes is hit by Lucas Lessio and loses puck.
8:13 of 2nd period - Snap shot by Michael Ryder.
8:13 of 2nd period - Goal by Michael Ryder - Heat : 1 - Falcons : 0.
8:14 of 2nd period - Markus Granlund wins face-off versus Johan Larsson in neutral zone.
8:19 of 2nd period - Snap shot by Freddie Hamilton.
8:19 of 2nd period - Stopped by Michael Leighton with a rebound.
8:21 of 2nd period - Slapshot by Nathan Beaulieu.
8:21 of 2nd period - Shot Blocked by Andre Burakovsky.
8:31 of 2nd period - Snap shot by Freddie Hamilton.
8:31 of 2nd period - Deflect By Markus Granlund.
8:31 of 2nd period - Shot Misses the Net.
8:31 of 2nd period - Puck is out of play.
8:32 of 2nd period - Markus Granlund wins face-off versus Johan Larsson in Heat zone.
9:20 of 2nd period - Wrist shot by Greg Rallo.
9:20 of 2nd period - Stopped by Michael Leighton with a rebound.
9:22 of 2nd period - Slapshot by Ville Pokka.
9:22 of 2nd period - Stopped by Michael Leighton with a rebound.
9:32 of 2nd period - Wrist shot by Joey Hishon.
9:32 of 2nd period - Stopped by Michael Leighton without a rebound.
9:33 of 2nd period - Tyler Pitlick wins face-off versus Tobias Rieder in Heat zone.
9:39 of 2nd period - Minor Penalty to Corey Potter for Hooking.
9:40 of 2nd period - Max Reinhart wins face-off versus Vincent Trocheck in Heat zone.
10:55 of 2nd period - Konrad Abeltshauser is hit by Jacob De La Rose and loses puck.
11:06 of 2nd period - Max Reinhart is hit by Vincent Trocheck and loses puck.
11:17 of 2nd period - Snap shot by Dmitrij Jaskin.
11:17 of 2nd period - Goal by Dmitrij Jaskin - Heat : 1 - Falcons : 1.
11:18 of 2nd period - Jacob De La Rose wins face-off versus Tyler Pitlick in neutral zone.
12:48 of 2nd period - Wrist shot by Andre Burakovsky.
12:48 of 2nd period - Shot Misses the Net.
12:58 of 2nd period - Snap shot by Johan Larsson.
12:58 of 2nd period - Shot Misses the Net.
13:00 of 2nd period - Wrist shot by Johan Larsson.
13:00 of 2nd period - Stopped by Malcolm Subban with a rebound.
13:16 of 2nd period - Wrist shot by Johan Larsson.
13:16 of 2nd period - Deflect By Stephane Veilleux.
13:16 of 2nd period - Shot Misses the Net.
13:16 of 2nd period - Puck is out of play.
13:17 of 2nd period - Tobias Rieder wins face-off versus Max Reinhart in Falcons zone.
13:45 of 2nd period - Minor Penalty to Emile Poirier for Holding Stick.
13:46 of 2nd period - Johan Larsson wins face-off versus Jacob De La Rose in Falcons zone.
14:37 of 2nd period - Stephane Veilleux is hit by Brandon Davidson and loses puck.
14:44 of 2nd period - Jason Garrison is hit by Tobias Rieder and loses puck.
15:45 of 2nd period - Penalty to Emile Poirier is over, Emile Poirier is back on ice.
15:57 of 2nd period - Wrist shot by Michael Ryder.
15:57 of 2nd period - Shot Blocked by Jacob De La Rose.
16:15 of 2nd period - Wrist shot by Michael Ryder.
16:15 of 2nd period - Shot Blocked by Michael Kostka.
16:17 of 2nd period - Wrist shot by Lucas Lessio.
16:17 of 2nd period - Shot Misses the Net.
16:19 of 2nd period - Snap shot by Michael Ryder.
16:19 of 2nd period - Shot Blocked by Ville Pokka.
17:18 of 2nd period - Snap shot by Johan Larsson.
17:18 of 2nd period - Stopped by Malcolm Subban with a rebound.
17:20 of 2nd period - Wrist shot by Andre Burakovsky.
17:20 of 2nd period - Stopped by Malcolm Subban with a rebound.
17:50 of 2nd period - Snap shot by Markus Granlund.
17:50 of 2nd period - Stopped by Michael Leighton with a rebound.
18:12 of 2nd period - Wrist shot by Seth Griffith.
18:12 of 2nd period - Stopped by Malcolm Subban with a rebound.
18:14 of 2nd period - Snap shot by Brooks Laich.
18:14 of 2nd period - Stopped by Malcolm Subban without a rebound.
18:15 of 2nd period - Matt Ellis wins face-off versus Joey Hishon in Falcons zone.
18:48 of 2nd period - Snap shot by Vincent Trocheck.
18:48 of 2nd period - Stopped by Michael Leighton with a rebound.
19:06 of 2nd period - Brandon Davidson is hit by Eric Boulton and loses puck.
19:19 of 2nd period - Slapshot by Andre Burakovsky.
19:19 of 2nd period - Shot Misses the Net.
19:21 of 2nd period - Snap shot by Stephane Veilleux.
19:21 of 2nd period - Shot Misses the Net.
19:29 of 2nd period - Snap shot by Johan Larsson.
19:29 of 2nd period - Shot Misses the Net.
19:31 of 2nd period - Slapshot by Jason Garrison.
19:31 of 2nd period - Stopped by Malcolm Subban with a rebound.
19:33 of 2nd period - Slapshot by Jason Garrison.
19:33 of 2nd period - Stopped by Malcolm Subban with a rebound.
Goals for this period are 1 for Heat vs 1 for Falcons.
Shots for this period are 11 for Heat vs 9 for Falcons.

3rd period


0:01 of 3rd period - Matt Ellis wins face-off versus Vincent Trocheck in neutral zone.
0:10 of 3rd period - Slapshot by Brooks Laich.
0:10 of 3rd period - Stopped by Malcolm Subban with a rebound.
0:16 of 3rd period - Snap shot by Seth Griffith.
0:16 of 3rd period - Shot Blocked by Nathan Beaulieu.
0:40 of 3rd period - Brandon Davidson is hit by Brooks Laich and loses puck.
1:01 of 3rd period - Slapshot by Michael Ryder.
1:01 of 3rd period - Stopped by Malcolm Subban without a rebound.
1:02 of 3rd period - Markus Granlund wins face-off versus Max Reinhart in Falcons zone.
1:02 of 3rd period - Markus Granlund is hit by Keith Ballard.
1:12 of 3rd period - Wrist shot by Lucas Lessio.
1:12 of 3rd period - Stopped by Malcolm Subban with a rebound.
1:14 of 3rd period - Slapshot by Tyler Wotherspoon.
1:14 of 3rd period - Deflect By Markus Granlund.
1:14 of 3rd period - Stopped by Malcolm Subban without a rebound.
1:15 of 3rd period - Markus Granlund wins face-off versus Johan Larsson in Falcons zone.
1:46 of 3rd period - Wrist shot by Markus Granlund.
1:46 of 3rd period - Shot Misses the Net.
1:57 of 3rd period - Off-side.
1:58 of 3rd period - Jacob De La Rose wins face-off versus Tyler Pitlick in neutral zone.
2:20 of 3rd period - Snap shot by Tyler Pitlick.
2:20 of 3rd period - Deflect By Michael Ferland.
2:20 of 3rd period - Shot Blocked by Brandon Davidson.
2:20 of 3rd period - Puck is out of play.
2:21 of 3rd period - Max Reinhart wins face-off versus Tobias Rieder in Falcons zone.
2:21 of 3rd period - Robert Hagg beats up Konrad Abeltshauser.
2:21 of 3rd period - Penalty to Robert Hagg for Fighting.
2:21 of 3rd period - Penalty to Konrad Abeltshauser for Fighting.
2:22 of 3rd period - Dmitrij Jaskin wins face-off versus Max Reinhart in Falcons zone.
2:48 of 3rd period - Slapshot by Dmitrij Jaskin.
2:48 of 3rd period - Shot Misses the Net.
2:50 of 3rd period - Snap shot by Dmitrij Jaskin.
2:50 of 3rd period - Stopped by Michael Leighton with a rebound.
2:52 of 3rd period - Slapshot by Michael Kostka.
2:52 of 3rd period - Deflect By Vincent Trocheck.
2:52 of 3rd period - Shot Misses the Net.
2:52 of 3rd period - Puck is out of play.
2:53 of 3rd period - Markus Granlund wins face-off versus Matt Ellis in Heat zone.
3:11 of 3rd period - Slapshot by Keith Ballard.
3:11 of 3rd period - Shot Misses the Net.
4:01 of 3rd period - Wrist shot by Andre Burakovsky.
4:01 of 3rd period - Stopped by Malcolm Subban with a rebound.
4:03 of 3rd period - Wrist shot by Stephane Veilleux.
4:03 of 3rd period - Shot Blocked by Brandon Davidson.
4:05 of 3rd period - Slapshot by Jason Garrison.
4:05 of 3rd period - Shot Misses the Net.
4:07 of 3rd period - Snap shot by Jason Garrison.
4:07 of 3rd period - Stopped by Malcolm Subban with a rebound.
4:09 of 3rd period - Slapshot by Tyson Strachan.
4:09 of 3rd period - Shot Blocked by Jacob De La Rose.
4:38 of 3rd period - Michael Kostka beats up Tyson Strachan.
4:38 of 3rd period - Penalty to Michael Kostka for Fighting.
4:38 of 3rd period - Penalty to Tyson Strachan for Fighting.
4:39 of 3rd period - Vincent Trocheck wins face-off versus Max Reinhart in neutral zone.
5:07 of 3rd period - Snap shot by Dmitrij Jaskin.
5:07 of 3rd period - Deflect By Tobias Rieder.
5:07 of 3rd period - Shot Misses the Net.
5:07 of 3rd period - Puck is out of play.
5:08 of 3rd period - Markus Granlund wins face-off versus Tyler Pitlick in Heat zone.
5:09 of 3rd period - Snap shot by Jonathan Marchessault.
5:09 of 3rd period - Shot Misses the Net.
5:54 of 3rd period - Stephane Veilleux is hit by Jonathan Marchessault and loses puck.
6:09 of 3rd period - Snap shot by Emile Poirier.
6:09 of 3rd period - Shot Blocked by Stephane Veilleux.
6:43 of 3rd period - Wrist shot by Brooks Laich.
6:43 of 3rd period - Stopped by Malcolm Subban without a rebound.
6:44 of 3rd period - Joey Hishon wins face-off versus Matt Ellis in Falcons zone.
7:08 of 3rd period - Brandon Davidson is hit by Brooks Laich and loses puck.
7:16 of 3rd period - Off-side.
7:17 of 3rd period - Vincent Trocheck wins face-off versus Max Reinhart in neutral zone.
7:20 of 3rd period - Wrist shot by Dmitrij Jaskin.
7:20 of 3rd period - Stopped by Michael Leighton without a rebound.
7:21 of 3rd period - Max Reinhart wins face-off versus Vincent Trocheck in Heat zone.
7:48 of 3rd period - Wrist shot by Lucas Lessio.
7:48 of 3rd period - Stopped by Malcolm Subban with a rebound.
7:56 of 3rd period - Lucas Lessio is hit by Dmitrij Jaskin and loses puck.
8:17 of 3rd period - Wrist shot by Michael Ferland.
8:17 of 3rd period - Stopped by Malcolm Subban without a rebound.
8:18 of 3rd period - Markus Granlund wins face-off versus Tyler Pitlick in Falcons zone.
8:23 of 3rd period - Eric Boulton is hit by Markus Granlund.
8:27 of 3rd period - Wrist shot by Jonathan Marchessault.
8:27 of 3rd period - Stopped by Michael Leighton with a rebound.
8:29 of 3rd period - Slapshot by Nathan Beaulieu.
8:29 of 3rd period - Shot Misses the Net.
8:35 of 3rd period - Slapshot by Freddie Hamilton.
8:35 of 3rd period - Stopped by Michael Leighton without a rebound.
8:36 of 3rd period - Joey Hishon wins face-off versus Johan Larsson in Heat zone.
8:37 of 3rd period - Slapshot by Jacob De La Rose.
8:37 of 3rd period - Stopped by Michael Leighton with a rebound.
8:47 of 3rd period - Slapshot by Andre Burakovsky.
8:47 of 3rd period - Deflect By Johan Larsson.
8:47 of 3rd period - Shot Blocked by Joey Hishon.
8:47 of 3rd period - Puck is out of play.
8:48 of 3rd period - Joey Hishon wins face-off versus Stephane Veilleux in Falcons zone.
8:56 of 3rd period - Minor Penalty to Robert Hagg for Tripping.
8:57 of 3rd period - Matt Ellis wins face-off versus Jacob De La Rose in Falcons zone.
9:09 of 3rd period - Snap shot by Stephane Veilleux.
9:09 of 3rd period - Stopped by Malcolm Subban with a rebound.
9:25 of 3rd period - Slapshot by Stephane Veilleux.
9:25 of 3rd period - Shot Misses the Net.
9:27 of 3rd period - Snap shot by Stephane Veilleux.
9:27 of 3rd period - Stopped by Malcolm Subban with a rebound.
9:29 of 3rd period - Slapshot by Jason Garrison.
9:29 of 3rd period - Deflect By Jacob De La Rose.
9:29 of 3rd period - Stopped by Malcolm Subban with a rebound.
9:31 of 3rd period - Slapshot by Jason Garrison.
9:31 of 3rd period - Stopped by Malcolm Subban with a rebound.
9:33 of 3rd period - Slapshot by Corey Potter.
9:33 of 3rd period - Shot Misses the Net.
9:38 of 3rd period - Penalty to Michael Kostka is over, Michael Kostka is back on ice.
10:00 of 3rd period - Jacob De La Rose is hit by Corey Potter and loses puck.
10:43 of 3rd period - Brandon Davidson is hit by Corey Potter.
10:56 of 3rd period - Penalty to Robert Hagg is over, Robert Hagg is back on ice.
11:30 of 3rd period - Snap shot by Markus Granlund.
11:30 of 3rd period - Deflect By Freddie Hamilton.
11:30 of 3rd period - Stopped by Michael Leighton with a rebound.
11:32 of 3rd period - Wrist shot by Freddie Hamilton.
11:32 of 3rd period - Stopped by Michael Leighton with a rebound.
12:09 of 3rd period - Slapshot by Michael Ryder.
12:09 of 3rd period - Shot Misses the Net.
12:11 of 3rd period - Slapshot by Corey Potter.
12:11 of 3rd period - Shot Misses the Net.
12:13 of 3rd period - Wrist shot by Konrad Abeltshauser.
12:13 of 3rd period - Shot Hit the Post.
12:15 of 3rd period - Slapshot by Corey Potter.
12:15 of 3rd period - Deflect By Michael Ryder.
12:15 of 3rd period - Shot Misses the Net.
12:15 of 3rd period - Puck is out of play.
12:16 of 3rd period - Tobias Rieder wins face-off versus Tyler Pitlick in Falcons zone.
12:24 of 3rd period - Off-side.
12:25 of 3rd period - Shane Harper wins face-off versus Tyler Pitlick in neutral zone.
12:31 of 3rd period - Off-side.
12:32 of 3rd period - Tyler Pitlick wins face-off versus Tobias Rieder in neutral zone.
12:49 of 3rd period - Snap shot by Tobias Rieder.
12:49 of 3rd period - Deflect By Emile Poirier.
12:49 of 3rd period - Shot Blocked by Jason Garrison.
12:49 of 3rd period - Puck is out of play.
12:50 of 3rd period - Max Reinhart wins face-off versus Jacob De La Rose in Heat zone.
12:59 of 3rd period - Wrist shot by Lucas Lessio.
12:59 of 3rd period - Shot Blocked by Jacob De La Rose.
13:43 of 3rd period - Tyler Pitlick is hit by Jonathan Marchessault and loses puck.
13:50 of 3rd period - Tyler Pitlick is hit by Nathan Beaulieu and loses puck.
14:37 of 3rd period - Vincent Trocheck is hit by Keith Ballard and loses puck.
15:12 of 3rd period - Snap shot by Brooks Laich.
15:12 of 3rd period - Stopped by Malcolm Subban with a rebound.
15:14 of 3rd period - Snap shot by Brooks Laich.
15:14 of 3rd period - Shot Blocked by Michael Kostka.
15:58 of 3rd period - Henrik Tommernes is hit by Michael Ferland and loses puck.
16:05 of 3rd period - Greg Rallo is hit by Eric Boulton and loses puck.
16:22 of 3rd period - Snap shot by Joey Hishon.
16:22 of 3rd period - Shot Misses the Net.
16:24 of 3rd period - Wrist shot by Joey Hishon.
16:24 of 3rd period - Stopped by Michael Leighton with a rebound.
16:26 of 3rd period - Minor Penalty to Eric Boulton for Hooking.
16:27 of 3rd period - Markus Granlund wins face-off versus Max Reinhart in Heat zone.
18:03 of 3rd period - Slapshot by Brandon Davidson.
18:03 of 3rd period - Stopped by Michael Leighton without a rebound.
18:04 of 3rd period - Markus Granlund wins face-off versus Max Reinhart in Heat zone.
18:26 of 3rd period - Penalty to Eric Boulton is over, Eric Boulton is back on ice.
19:18 of 3rd period - Joey Hishon is hit by Corey Potter and loses puck.
19:29 of 3rd period - Shane Harper is hit by Brooks Laich and loses puck.
19:44 of 3rd period - Snap shot by Freddie Hamilton.
19:44 of 3rd period - Shot Misses the Net.
19:50 of 3rd period - Snap shot by Markus Granlund.
19:50 of 3rd period - Shot Misses the Net.
19:52 of 3rd period - Slapshot by Brandon Davidson.
19:52 of 3rd period - Stopped by Michael Leighton with a rebound.
19:54 of 3rd period - Wrist shot by Markus Granlund.
19:54 of 3rd period - Shot Misses the Net.
Goals for this period are 0 for Heat vs 0 for Falcons.
Shots for this period are 14 for Heat vs 10 for Falcons.

Overtime #1


0:01 of 1st overtime period - Vincent Trocheck wins face-off versus Johan Larsson in neutral zone.
1:03 of 1st overtime period - Snap shot by Lucas Lessio.
1:03 of 1st overtime period - Stopped by Malcolm Subban without a rebound.
1:04 of 1st overtime period - Matt Ellis wins face-off versus Joey Hishon in Falcons zone.
1:11 of 1st overtime period - Wrist shot by Brooks Laich.
1:11 of 1st overtime period - Stopped by Malcolm Subban without a rebound.
1:12 of 1st overtime period - Joey Hishon wins face-off versus Matt Ellis in Falcons zone.
2:29 of 1st overtime period - Snap shot by Vincent Trocheck.
2:29 of 1st overtime period - Shot Misses the Net.
2:51 of 1st overtime period - Slapshot by Andre Burakovsky.
2:51 of 1st overtime period - Shot Misses the Net.
2:53 of 1st overtime period - Slapshot by Jason Garrison.
2:53 of 1st overtime period - Stopped by Malcolm Subban without a rebound.
2:54 of 1st overtime period - Markus Granlund wins face-off versus Andre Burakovsky in Falcons zone.
3:22 of 1st overtime period - Wrist shot by Johan Larsson.
3:22 of 1st overtime period - Shot Misses the Net.
3:24 of 1st overtime period - Snap shot by Stephane Veilleux.
3:24 of 1st overtime period - Shot Misses the Net.
3:26 of 1st overtime period - Wrist shot by Jason Garrison.
3:26 of 1st overtime period - Stopped by Malcolm Subban without a rebound.
3:27 of 1st overtime period - Eric Boulton wins face-off versus Tobias Rieder in Falcons zone.
3:46 of 1st overtime period - Tyler Wotherspoon is hit by Shane Harper.
4:19 of 1st overtime period - Snap shot by Jacob De La Rose.
4:19 of 1st overtime period - Stopped by Michael Leighton with a rebound.
4:21 of 1st overtime period - Wrist shot by Jacob De La Rose.
4:21 of 1st overtime period - Stopped by Michael Leighton with a rebound.
4:23 of 1st overtime period - Slapshot by Brandon Davidson.
4:23 of 1st overtime period - Shot Misses the Net.
4:25 of 1st overtime period - Slapshot by Brandon Davidson.
4:25 of 1st overtime period - Deflect By Tyler Pitlick.
4:25 of 1st overtime period - Stopped by Michael Leighton with a rebound.
4:27 of 1st overtime period - Snap shot by Greg Rallo.
4:27 of 1st overtime period - Shot Blocked by Michael Ferland.
4:29 of 1st overtime period - Slapshot by Joey Hishon.
4:29 of 1st overtime period - Stopped by Michael Leighton with a rebound.
4:31 of 1st overtime period - Wrist shot by Jacob De La Rose.
4:31 of 1st overtime period - Shot Blocked by Keith Ballard.
4:33 of 1st overtime period - Snap shot by Brandon Davidson.
4:33 of 1st overtime period - Shot Misses the Net.
4:37 of 1st overtime period - Snap shot by Jacob De La Rose.
4:37 of 1st overtime period - Deflect By Michael Ferland.
4:37 of 1st overtime period - Shot Misses the Net.
4:37 of 1st overtime period - Puck is out of play.
4:38 of 1st overtime period - Matt Ellis wins face-off versus Markus Granlund in Heat zone.
4:38 of 1st overtime period - Matt Ellis is hit by Jonathan Marchessault.
5:07 of 1st overtime period - Robert Hagg is hit by Jason Garrison and loses puck.
5:28 of 1st overtime period - Jason Garrison is hit by Henrik Tommernes and loses puck.
5:35 of 1st overtime period - Andre Burakovsky is hit by Dmitrij Jaskin and loses puck.
5:48 of 1st overtime period - Snap shot by Johan Larsson.
5:48 of 1st overtime period - Shot Misses the Net.
6:16 of 1st overtime period - Wrist shot by Michael Ryder.
6:16 of 1st overtime period - Shot Misses the Net.
6:29 of 1st overtime period - Wrist shot by Jacob De La Rose.
6:29 of 1st overtime period - Stopped by Michael Leighton with a rebound.
7:18 of 1st overtime period - Wrist shot by Jonathan Marchessault.
7:18 of 1st overtime period - Shot Misses the Net.
7:47 of 1st overtime period - Michael Ferland is hit by Markus Granlund and loses puck.
8:16 of 1st overtime period - Minor Penalty to Michael Kostka for Hooking.
8:17 of 1st overtime period - Matt Ellis wins face-off versus Jacob De La Rose in Falcons zone.
9:22 of 1st overtime period - Ville Pokka is hit by Keith Ballard and loses puck.
10:04 of 1st overtime period - Freddie Hamilton is hit by Corey Potter and loses puck.
10:16 of 1st overtime period - Penalty to Michael Kostka is over, Michael Kostka is back on ice.
10:28 of 1st overtime period - Slapshot by Lucas Lessio.
10:28 of 1st overtime period - Deflect By Michael Ryder.
10:28 of 1st overtime period - Stopped by Malcolm Subban without a rebound.
10:29 of 1st overtime period - Markus Granlund wins face-off versus Max Reinhart in Falcons zone.
10:40 of 1st overtime period - Keith Ballard is hit by Brandon Davidson and loses puck.
11:01 of 1st overtime period - Snap shot by Lucas Lessio.
11:01 of 1st overtime period - Shot Misses the Net.
11:37 of 1st overtime period - Snap shot by Tyler Pitlick.
11:37 of 1st overtime period - Shot Misses the Net.
11:39 of 1st overtime period - Wrist shot by Michael Ferland.
11:39 of 1st overtime period - Stopped by Malcolm Subban with a rebound.
11:41 of 1st overtime period - Slapshot by Tyler Pitlick.
11:41 of 1st overtime period - Stopped by Malcolm Subban without a rebound.
11:42 of 1st overtime period - Dmitrij Jaskin wins face-off versus Matt Ellis in Falcons zone.
11:44 of 1st overtime period - Minor Penalty to Vincent Trocheck for Hooking.
11:45 of 1st overtime period - Jacob De La Rose wins face-off versus Matt Ellis in Falcons zone.
12:21 of 1st overtime period - Wrist shot by Seth Griffith.
12:21 of 1st overtime period - Shot Blocked by Michael Kostka.
13:14 of 1st overtime period - Icing by Tyson Strachan.
13:15 of 1st overtime period - Matt Ellis wins face-off versus Joey Hishon in Heat zone.
13:44 of 1st overtime period - Penalty to Vincent Trocheck is over, Vincent Trocheck is back on ice.
14:12 of 1st overtime period - Brandon Davidson is hit by Corey Potter and loses puck.
14:42 of 1st overtime period - Markus Granlund is hit by Eric Boulton and loses puck.
14:59 of 1st overtime period - Slapshot by Michael Ferland.
14:59 of 1st overtime period - Shot Blocked by Brandon Davidson.
15:45 of 1st overtime period - Freddie Hamilton is hit by Keith Ballard and loses puck.
15:50 of 1st overtime period - Snap shot by Andre Burakovsky.
15:50 of 1st overtime period - Shot Misses the Net.
15:52 of 1st overtime period - Slapshot by Jason Garrison.
15:52 of 1st overtime period - Shot Blocked by Brandon Davidson.
15:54 of 1st overtime period - Snap shot by Jason Garrison.
15:54 of 1st overtime period - Shot Misses the Net.
16:20 of 1st overtime period - Wrist shot by Lucas Lessio.
16:20 of 1st overtime period - Shot Blocked by Brandon Davidson.
16:22 of 1st overtime period - Snap shot by Lucas Lessio.
16:22 of 1st overtime period - Shot Blocked by Brandon Davidson.
16:24 of 1st overtime period - Slapshot by Konrad Abeltshauser.
16:24 of 1st overtime period - Shot Misses the Net.
16:42 of 1st overtime period - Snap shot by Michael Ferland.
16:42 of 1st overtime period - Shot Misses the Net.
16:44 of 1st overtime period - Slapshot by Tyler Wotherspoon.
16:44 of 1st overtime period - Deflect By Brandon Davidson.
16:44 of 1st overtime period - Stopped by Malcolm Subban without a rebound.
16:45 of 1st overtime period - Dmitrij Jaskin wins face-off versus Tyler Pitlick in Falcons zone.
16:45 of 1st overtime period - Dmitrij Jaskin is hit by Tyler Pitlick.
16:57 of 1st overtime period - Dmitrij Jaskin is hit by Michael Ferland and loses puck.
17:08 of 1st overtime period - Slapshot by Dmitrij Jaskin.
17:08 of 1st overtime period - Shot Blocked by Brooks Laich.
17:22 of 1st overtime period - Slapshot by Seth Griffith.
17:22 of 1st overtime period - Shot Misses the Net.
17:24 of 1st overtime period - Slapshot by Tyson Strachan.
17:24 of 1st overtime period - Shot Misses the Net.
17:26 of 1st overtime period - Snap shot by Matt Ellis.
17:26 of 1st overtime period - Shot Blocked by Vincent Trocheck.
17:28 of 1st overtime period - Wrist shot by Seth Griffith.
17:28 of 1st overtime period - Shot Misses the Net.
17:30 of 1st overtime period - Wrist shot by Seth Griffith.
17:30 of 1st overtime period - Shot Misses the Net.
18:08 of 1st overtime period - Greg Rallo is hit by Konrad Abeltshauser and loses puck.
18:35 of 1st overtime period - Icing by Ville Pokka.
18:36 of 1st overtime period - Emile Poirier wins face-off versus Tyler Pitlick in Falcons zone.
19:39 of 1st overtime period - Vincent Trocheck is hit by Brooks Laich and loses puck.
Goals for this period are 0 for Heat vs 0 for Falcons.
Shots for this period are 8 for Heat vs 5 for Falcons.

Overtime #2


0:01 of 2nd overtime period - Vincent Trocheck wins face-off versus Johan Larsson in neutral zone.
0:16 of 2nd overtime period - Backhand shot by Andre Burakovsky.
0:16 of 2nd overtime period - Stopped by Malcolm Subban with a rebound.
0:18 of 2nd overtime period - Snap shot by Johan Larsson.
0:18 of 2nd overtime period - Goal by Johan Larsson - Heat : 2 - Falcons : 1.
Goals for this period are 1 for Heat vs 0 for Falcons.
Shots for this period are 2 for Heat vs 0 for Falcons.